 Dungeon Crawl Stone Soup version 0.19.1 (webtiles) character file.

79477 Menchi the Spry (level 15, -4/101 HPs)
             Began as a Merfolk Wanderer on Dec 13, 2016.
             Was the Champion of Dithmenos.
             Slain by a sun demon (5 damage)
             ... on level 1 of the Orcish Mines on Dec 14, 2016.
             The game lasted 03:10:50 (27660 turns).

Menchi the Spry (Merfolk Wanderer)                 Turns: 27660, Time: 03:10:51

Health: -4/101     AC: 11    Str: 11    XL:     15   Next: 63%
Magic:  17/17      EV: 30    Int: 13    God:    Dithmenos [******]
Gold:   1680       SH: 11    Dex: 20    Spells: 1 memorised, 14 levels left

rFire  + . .     SeeInvis .     j - +5 dagger (speed)
rCold  + . .     Gourm    .     p - +0 troll leather armour {Snorg}
rNeg   . . .     Faith    .     v - +2 buckler {AC+3}
rPois  .         Spirit   .     Y - +0 hat {MR+}
rElec  .         Reflect  +     k - +0 cloak
rCorr  .         Harm     .     q - +1 pair of gloves
MR     ++...                    n - +0 pair of boots
Stlth  ++++++++++               w - amulet "Cumpir" {Reflect rF+ SH+3}
                                L - +3 ring of evasion
                                B - ring "Gokkual" {+Fly rC+ Slay+3}

@: wreathed by umbra, drained
A: change form in water, swift swim, stealthy swim
a: Shadow Step, Shadow Form, Renounce Religion, Evoke Flight


You were on level 1 of the Orcish Mines.
You worshipped Dithmenos.
Dithmenos was exalted by your worship.
You were not hungry.

You visited 5 branches of the dungeon, and saw 23 of its levels.

You collected 1765 gold pieces.
You spent 85 gold pieces at shops.

Inventory:

Hand Weapons
 j - a +5 dagger of speed (weapon)
 N - a +1 dagger of venom
 P - the +5 battleaxe of Dishonour {pain, Str-5 Int+2 SInv Stlth+, unknown}
   (You found it on level 10 of the Dungeon)

   In the hands of one skilled in necromantic magic, it inflicts extra damage on
   living creatures.
   It affects your strength (-5).
   It affects your intelligence (+2).
   It lets you see invisible.
   It makes you more stealthy.
Missiles
 M - 3 throwing nets (quivered)
Armour
 k - a +0 cloak (worn)
 n - a +0 pair of boots (worn)
 p - a +0 troll leather armour (worn) {Snorg}
 q - a +1 pair of gloves (worn)
 v - a +2 buckler of protection (worn)
 C - a +2 robe of cold resistance
 R - a +1 robe of fire resistance
 Y - a +0 hat of magic resistance (worn)
Jewellery
 w - the amulet "Cumpir" (around neck) {Reflect rF+ SH+3}
   (You found it on level 13 of the Dungeon)

   [amulet of reflection]

   It shields you and reflects attacks.
   It protects you from fire.
   It affects your SH (+3).
 B - the ring "Gokkual" (left hand) {+Fly rC+ Slay+3}
   (You bought it in a shop on level 4 of the Dungeon)

   [ring of flight]

   It affects your accuracy and damage with ranged weapons and melee attacks
   (+3).
   It protects you from cold.
   It lets you fly.
 J - an uncursed ring of protection from fire
 L - a +3 ring of evasion (right hand)
 Q - an uncursed ring of see invisible
Wands
 y - a wand of slowing (25/48)
 G - a wand of hasting (0/9)
 H - a wand of teleportation (0/9)
 I - a wand of polymorph (6/24)
 T - a wand of iceblast (2/15)
 U - a wand of lightning (1/15)
 V - a wand of paralysis (0/24)
Scrolls
 d - a scroll of enchant weapon
 l - a scroll of random uselessness {unknown}
 m - 3 scrolls of fear
 o - 11 scrolls of remove curse
 r - 2 scrolls of magic mapping
 D - 3 scrolls of enchant armour
 F - 3 scrolls of amnesia
 O - a scroll of identify
 X - 2 scrolls of fog
Potions
 c - 2 potions of cure mutation
 e - 2 potions of magic
 g - 4 potions of agility
 h - 8 potions of flight
 i - 6 potions of curing
 s - a potion of berserk rage {unknown}
 x - 2 potions of invisibility {unknown}
 z - 4 potions of haste {unknown}
 K - a potion of degeneration {unknown}
 S - 2 potions of resistance {unknown}
Books
 u - a book of Spatial Translocations

   Spells                             Type                      Level
   a - Blink                          Translocation                2
   b - Shroud of Golubria             Charms/Translocation         2
   c - Lesser Beckoning               Translocation                3
   d - Portal Projectile              Translocation                3
   e - Teleport Other                 Translocation                3
   f - Passage of Golubria            Translocation                4
Comestibles
 a - 4 fruits
 b - 7 chunks of flesh
 f - 8 bread rations
 t - 9 slices of pizza
 A - 4 meat rations


   Skills:
 - Level 4.3(4.2) Fighting
 * Level 14.2(14.0) Short Blades
 - Level 2.0(1.9) Throwing
 - Level 1.0(0.8) Armour
 * Level 19.0(18.8) Dodging
 * Level 18.6(18.4) Stealth
 + Level 5.5(5.4) Shields
 - Level 1.5(1.4) Unarmed Combat
 + Level 1.2(1.1) Spellcasting
 * Level 3.9(3.8) Translocations
 + Level 0.7(0.6) Invocations
 + Level 3.1(3.0) Evocations


You had 14 spell levels left.
You knew the following spells:

 Your Spells              Type           Power        Failure   Level  Hunger
a - Blink                 Tloc           N/A          12%         2    ###....


Dungeon Overview and Level Annotations

Branches:
Dungeon (15/15)            Temple (1/1) D:4            Lair (4/6) D:9
 Shoals (1/4) Lair:4       Spider (0/4) Lair:4          Orc (2/2) D:12
    Elf (0/3) Orc:2        Vaults (0/5) D:14         Depths (0/5) D:15

Altars:
Ashenzari
Cheibriados
Dithmenos
Elyvilon
Gozag
Hepliaklqana
Kikubaaqudgha
Makhleb
Nemelex Xobeh
Okawaru
Qazlal
Ru
Sif Muna
Trog
Uskayaw
Xom
Yredelemnul
Zin
The Shining One
Beogh

Shops:
D:4 *   D:15 }   Orc:1 [   Orc:2 *!


Message History

Press: ? - help, Shift-Dir - straight line The mass of ice explodes!
The iceblast engulfs the sun demon.
The sun demon is lightly wounded.
Evoking this partially-identified wand wasted a few charges.
The sun demon hits you!
You emit a cloud of dark smoke.
You are engulfed in flames!
You resist.
* * * LOW HITPOINT WARNING * * *
You barely miss the sun demon.
The sun demon is lightly wounded.
The sun demon hits you!
* * * LOW HITPOINT WARNING * * *
You are engulfed in flames.
You resist.
* * * LOW HITPOINT WARNING * * *
You see here a falchion.
As you read the scroll of fear, it crumbles to dust.
You assume a fearsome visage.
The sun demon is unaffected.
The sun demon hits you!
* * * LOW HITPOINT WARNING * * *
You are engulfed in flames.
You resist.
You die...

#..................#.#..##
##.#...<...........#......
#####...................#
#....[................
##.#.#[........#...#.#
####..............#.#
####§§§§§..........#...
##.#.§§§§§...#......##.#
#....§§@3§..#........###
##...§§§§§.......##..##
##.#..§§§§§.......##...##
##.........§.............#
##.#................##.#.##
#...........#.......######
####
##......#[..####......##
##.###.....[.[####
#........#
....##...#...#.##
##.#.#..##


You could see a sun demon.

Vanquished Creatures
  Kirke (D:13)
  Gastronok (Lair:1)
  Louise (D:14)
  A juggernaut skeleton (D:15)
  Snorg (Orc:1)
  A merfolk impaler (Shoals:1)
  4 vault guards (D:14)
  Harold (D:10)
  6 hydras
  Fannar (D:14)
  Erica (Lair:1)
  4 centaur warriors
  The ghost of kuus the Basher, a journeyman GrFi of Okawaru (D:11)
  A tengu warrior (D:13)
  3 death yaks (Lair:4)
  Nergalle (Orc:1)
  3 skeletal warriors
  A sixfirhy (Orc:2)
  4 unseen horrors
  Pikel (D:7)
  2 orc knights
  10 ugly things
  A necromancer (D:15)
  9 hill giants
  2 manticores
  A frost giant zombie (D:15)
  A phantasmal warrior (D:14)
  A fire giant zombie (D:15)
  A wolf spider (shapeshifter) (D:14)
  2 sirens
  3 black mambas
  A water nymph (Shoals:1)
  Maurice (D:9)
  Joseph (D:8)
  3 cyclopes
  3 elephants (Lair:3)
  7 spiny frogs
  Psyche (D:8)
  2 rime drakes (Lair:3)
  2 kobold demonologists (D:12)
  3 komodo dragons
  An efreet (D:14)
  A guardian mummy (D:15)
  A tengu conjurer (D:13)
  9 trolls
  The ghost of Banto the Ruffian, an amateur NaTm (D:8)
  3 jumping spiders (Lair:4)
  3 meliai (D:15)
  Prince Ribbit (D:8)
  2 two-headed ogres
  A harpy skeleton (D:14)
  6 slime creatures
  5 blink frogs
  3 hippogriffs
  A spriggan (D:9)
  4 shadows
  A wyvern (Lair:2)
  A fire dragon skeleton (D:15)
  2 redbacks (Lair:4)
  A ynoxinul (Orc:2)
  29 yaks
  3 hogs
  A basilisk (D:14)
  4 hungry ghosts
  4 vampire mosquitoes
  A steam dragon (D:9)
  4 wargs
  2 mottled dragons
  10 water moccasins
  10 porcupines
  2 sky beasts
  An ice beast (shapeshifter) (D:13)
  26 orc warriors
  3 phantoms
  2 necrophages
  7 ice beasts
  An eye of draining (D:13)
  13 wolves
  14 centaurs
  14 ogres
  3 crocodiles
  3 big kobolds
  17 bullfrogs
  A wyvern skeleton (D:9)
  A scorpion (shapeshifter) (D:14)
  5 scorpions
  20 killer bees
  6 wights
  3 howler monkeys
  5 crimson imps
  5 centaur zombies
  2 bullfrog zombies
  2 jellies
  4 quasits
  8 hounds
  25 orc priests
  23 orc wizards
  2 gnoll shamans (D:9)
  3 bullfrog skeletons
  4 centaur skeletons
  2 iguanas
  8 worker ants
  2 killer bee zombies
  2 hound zombies
  3 hound skeletons
  11 gnolls (D:9)
  A howler monkey skeleton (D:4)
  3 worker ant zombies
  12 adders
  4 shadow imps
  4 worms
  An adder zombie (D:5)
  4 leopard geckos
  86 orcs
  A ball python (D:3)
  5 giant cockroaches
  2 goblins
  12 hobgoblins
  18 jackals
  17 kobolds
  3 quokkas
  4 bats
  7 frilled lizards
  A leopard gecko skeleton (D:5)
  3 rats
  3 plants (D:9)
654 creatures vanquished.

Vanquished Creatures (others)
  A vampire mosquito (D:14)
  4 slaves (D:7)
  An orc wizard (D:7)
  7 fungi
  8 plants
21 creatures vanquished.

Grand Total: 675 creatures vanquished

Notes
Turn   | Place    | Note
-------+----------+-------------------------------------------
     0 | D:1      | Menchi the Merfolk Wanderer began the quest for the Orb.
     0 | D:1      | Menchi set off with: a +2 short sword, a scroll of teleportation, a potion of lignification, a +0 robe, a bread ration
     0 | D:1      | Reached XP level 1. HP: 20/20 MP: 1/1
   147 | D:1      | Reached skill level 2 in Dodging
   426 | D:1      | Reached XP level 2. HP: 25/26 MP: 2/2
   541 | D:1      | Reached skill level 1 in Stealth
   981 | D:2      | Reached XP level 3. HP: 26/31 MP: 3/3
  1476 | D:2      | Found a sacrificial altar of Ru.
  1868 | D:2      | Reached XP level 4. HP: 33/38 MP: 4/4
  2094 | D:3      | Reached skill level 3 in Dodging
  2246 | D:3      | Reached XP level 5. HP: 40/43 MP: 5/5
  2617 | D:3      | Reached skill level 5 in Short Blades
  2900 | D:4      | Reached skill level 4 in Dodging
  2900 | D:4      | Reached XP level 6. HP: 27/49 MP: 3/6
  3251 | D:4      | Found Halofif's Assorted Antiques.
  3375 | D:4      | Got a scorched crystal amulet
  3395 | D:4      | Found a shattered altar of Ashenzari.
  3424 | D:4      | Found a staircase to the Ecumenical Temple.
  3439 | Temple   | Entered the Ecumenical Temple
  3468 | Temple   | Became a worshipper of Dithmenos the Shadowed
  3516 | D:4      | Found a deep blue altar of Sif Muna.
  3917 | D:4      | Reached skill level 5 in Dodging
  4064 | D:4      | Identified the amulet of the Monkey's Uncle {Regen+ Int+2} (You found it on level 4 of the Dungeon)
  4107 | D:4      | Bought a coiled pewter ring for 85 gold pieces
  4108 | D:4      | Identified the ring "Gokkual" {+Fly rC+ Slay+3} (You bought it in a shop on level 4 of the Dungeon)
  4128 | D:5      | Entered Level 5 of the Dungeon
  4128 | D:5      | Found a deep blue altar of Sif Muna.
  4166 | D:5      | Noticed an ice beast
  4249 | D:6      | Reached XP level 7. HP: 55/55 MP: 7/7
  4369 | D:5      | Reached skill level 6 in Dodging
  4442 | D:5      | Reached * piety under Dithmenos
  4442 | D:5      | Reached XP level 8. HP: 22/61 MP: 8/8
  4494 | D:5      | Reached skill level 5 in Stealth
  4695 | D:5      | Reached skill level 7 in Dodging
  4732 | D:5      | Found a basalt altar of Yredelemnul.
  4978 | D:6      | Found a glowing golden altar of the Shining One.
  5777 | D:7      | Noticed Pikel
  5792 | D:7      | Killed Pikel
  5792 | D:7      | Reached skill level 8 in Dodging
  5792 | D:7      | Reached XP level 9. HP: 56/66 MP: 9/9
  6047 | D:7      | Reached skill level 9 in Dodging
  6127 | D:8      | Reached ** piety under Dithmenos
  6323 | D:8      | Noticed Psyche
  6333 | D:8      | Killed Psyche
  6333 | D:8      | Reached skill level 10 in Short Blades
  6338 | D:8      | Found a burning altar of Makhleb.
  6478 | D:8      | Noticed Prince Ribbit
  6494 | D:8      | Killed Prince Ribbit
  6494 | D:8      | Reached skill level 10 in Dodging
  6494 | D:8      | Reached XP level 10. HP: 56/73 MP: 10/10
  6683 | D:8      | Noticed Joseph
  6701 | D:8      | Killed Joseph
  6790 | D:8      | Noticed Banto's ghost (amateur NaTm)
  6796 | D:8      | Killed Banto's ghost
  6882 | D:8      | Reached skill level 10 in Stealth
  6888 | D:8      | Reached skill level 11 in Dodging
  7075 | D:8      | Paralysed by a hornet for 3 turns
  7371 | D:8      | Reached *** piety under Dithmenos
  7542 | D:9      | Found a shattered altar of Ashenzari.
  7560 | D:9      | Found a staircase to the Lair.
  7689 | D:9      | Noticed Maurice
  7980 | D:9      | Killed Maurice
  8130 | D:9      | Reached skill level 12 in Dodging
  8188 | D:9      | Reached XP level 11. HP: 60/78 MP: 11/11
  8625 | D:9      | Reached **** piety under Dithmenos
  9182 | D:10     | Entered Level 10 of the Dungeon
  9182 | D:10     | Noticed Harold
  9183 | D:10     | Killed Harold
  9233 | D:10     | Reached skill level 13 in Dodging
  9315 | D:10     | Found an opulent altar of Gozag.
  9353 | D:10     | Got a bloodstained battleaxe
  9560 | D:10     | Noticed a cyan ugly thing
  9753 | D:10     | Killed a purple ugly thing
  9838 | D:11     | Reached skill level 1 in Evocations
 10287 | D:11     | Noticed a hill giant
 10293 | D:11     | Killed a hill giant
 10483 | D:11     | Noticed a five-headed hydra
 10613 | D:11     | Noticed a hill giant
 10630 | D:11     | Killed a hill giant
 10637 | D:11     | Noticed kuus's ghost (journeyman GrFi)
 10657 | D:11     | Killed an unseen horror
 10657 | D:11     | Reached skill level 14 in Dodging
 10657 | D:11     | Reached XP level 12. HP: 68/84 MP: 13/13
 10691 | D:11     | Killed kuus's ghost
 11356 | D:11     | Killed a five-headed hydra
 11803 | D:12     | Reached ***** piety under Dithmenos
 11896 | D:12     | Noticed a four-headed hydra
 11925 | D:12     | Killed a four-headed hydra
 11925 | D:12     | Reached skill level 15 in Dodging
 12054 | D:12     | Found a staircase to the Orcish Mines.
 12086 | D:12     | Noticed an eight-headed hydra
 12299 | Lair:1   | Entered Level 1 of the Lair of Beasts
 12310 | Lair:1   | Noticed Erica
 12371 | Lair:1   | Killed Erica
 12486 | Lair:1   | Noticed Gastronok
 12513 | Lair:1   | Killed Gastronok
 12608 | Lair:1   | Identified the Handbook of Heat and the Glacier
 12632 | Lair:1   | Reached skill level 15 in Stealth
 12885 | Lair:1   | Reached XP level 13. HP: 89/89 MP: 14/14
 14759 | Lair:3   | Reached skill level 16 in Dodging
 15785 | Lair:4   | Found a staircase to the Shoals.
 16191 | Lair:4   | Found a hole to the Spider Nest.
 16619 | Shoals:1 | Entered Level 1 of the Shoals
 17208 | D:12     | Noticed Kirke
 17262 | D:13     | Reached XP level 14. HP: 56/96 MP: 16/16
 17430 | D:13     | Reached skill level 17 in Dodging
 17904 | Orc:1    | Entered Level 1 of the Orcish Mines
 18599 | D:13     | Reached skill level 1 in Unarmed Combat
 18894 | D:13     | Got a slimy jade amulet
 18896 | D:13     | Identified the amulet "Cumpir" {Reflect rF+ SH+3} (You found it on level 13 of the Dungeon)
 18931 | D:13     | Learned a level 2 spell: Blink
 19063 | D:13     | Reached skill level 1 in Shields
 19089 | D:13     | Reached ****** piety under Dithmenos
 19402 | D:13     | Reached skill level 1 in Spellcasting
 19772 | D:13     | Killed Kirke
 19772 | D:13     | Reached skill level 1 in Translocations
 20085 | D:14     | Found a gate to the Vaults.
 20525 | D:14     | Noticed Fannar
 20617 | D:14     | Killed Fannar
 21241 | D:14     | Reached skill level 18 in Dodging
 21607 | D:14     | Reached XP level 15. HP: 65/101 MP: 17/17
 22907 | D:15     | Entered Level 15 of the Dungeon
 22922 | D:15     | Noticed Louise
 23263 | D:14     | Killed Louise
 23557 | D:15     | Found Okloptoa's Gadget Shoppe.
 23758 | D:15     | Reached skill level 5 in Shields
 24073 | D:15     | Found a staircase to the Depths.
 25242 | Orc:1    | Found a roughly hewn altar of Beogh.
 25248 | Orc:1    | Noticed Snorg
 25256 | Orc:1    | Killed Snorg
 25292 | Orc:1    | Noticed Nergalle
 25300 | Orc:1    | Killed Nergalle
 25677 | Orc:2    | Entered Level 2 of the Orcish Mines
 26257 | Orc:2    | Found Kyobat's Distillery.
 26385 | Orc:2    | Found a staircase to the Elven Halls.
 26624 | Orc:2    | Found Xill's General Store.
 26801 | Orc:1    | Found Xioba's Antique Armour Emporium.
 27484 | Orc:1    | Reached skill level 19 in Dodging
 27660 | Orc:1    | HP: 1/101 [sun demon (11)]
 27660 | Orc:1    | Slain by a sun demon

Skill      XL: |  1  2  3  4  5  6  7  8  9 10 11 12 13 14 15 |
---------------+----------------------------------------------+-----
Dodging        | 2 3 4 5 6 8 10 12 14 15 16 18 19 | 19.0
Stealth        | 1 2 3 4 7 9 11 13 15 17 18 | 18.6
Short Blades   | 3 4 5 6 7 8 10 11 12 13 14 | 14.2
Evocations     | 1 2 3 |  3.1
Unarmed Combat | 1 |  1.5
Shields        | 4 5 |  5.5
Spellcasting   | 1 |  1.2
Translocations | 2 3 |  3.9
Fighting       | |  4.3
Throwing       | |  2.0
Armour         | |  1.0
Invocations    | |  0.7

Action                   |  1- 3 |  4- 6 |  7- 9 | 10-12 | 13-15 || total
-------------------------+-------+-------+-------+-------+-------++-------
Melee: Short sword       |   111 |    36 |       |       |       ||   147
       Tailslap          |     2 |       |       |       |    11 ||    13
       Dagger            |       |   220 |   416 |  1205 |  2919 ||  4760
       Unarmed           |       |       |       |       |    24 ||    24
       Punch             |       |       |       |       |     1 ||     1
Throw: Throwing net      |       |       |       |       |     3 ||     3
 Cast: Blink             |       |       |       |       |     3 ||     3
Invok: Shadow Step       |       |       |       |     2 |       ||     2
Evoke: Wand              |       |       |       |    18 |    15 ||    33
  Use: Scroll            |     6 |     6 |     8 |    13 |    14 ||    47
       Potion            |       |       |     2 |     3 |     8 ||    13
 Stab: Sleeping          |     3 |     5 |    10 |    24 |    54 ||    96
       Distracted        |       |       |       |     7 |    22 ||    29
       Paralysed         |       |       |       |     2 |       ||     2
  Eat: Chunk             |     3 |     8 |     4 |    19 |    36 ||    70
       Bread ration      |       |       |     1 |       |     1 ||     2
       Pizza             |       |       |       |     1 |     1 ||     2
       Fruit             |       |       |       |       |     1 ||     1
       Beef jerky        |       |       |       |       |     2 ||     2
       Royal jelly       |       |       |       |       |     2 ||     2
Armor: Robe              |    30 |    21 |    37 |    58 |     2 ||   148
       Troll leather arm |       |       |       |    10 |   107 ||   117
       Skin              |       |       |       |       |     5 ||     5
Dodge: Dodged            |    59 |   119 |   184 |   566 |   937 ||  1865
Block: Other             |       |       |       |     5 |   118 ||   123
       Buckler           |       |       |       |       |   392 ||   392
       Reflection        |       |       |       |       |    12 ||    12
